 Dungeon Crawl Stone Soup version 0.27-b1-42-g19c61b19a5 (webtiles) character file.

Game seed: 11418889955808147216

16662 miscthings the Thaumaturge (level 12, -5/84 HPs)
             Began as a Djinni Conjurer on July 30, 2021.
             Was a Priest of Yredelemnul.
             Killed by an exploding fulminant prism (33 damage)
             ... in a Gauntlet.
             The game lasted 00:36:06 (10785 turns).

miscthings the Thaumaturge (Djinni Conjurer)       Turns: 10785, Time: 00:36:06

Health: -5/84      AC: 23    Str: 11    XL:     12   Next: 72%
Gold:   89         EV: 30    Int: 22    God:    Yredelemnul [***...] SH:  8 Dex: 19

rFire    + . .     SeeInvis +   A - staff of conjuration
rCold    + . .     Faith    .   v - +2 buckler
rNeg     . . .     Spirit   .   C - +9 ice dragon scales "Avvit" {rF- rC++ Str+7}
rPois    ∞         Reflect  .   G - +1 helmet {SInv}
rElec    .         Harm     .   I - scarf {+Inv}
rCorr    .         Rampage  .   w - +0 pair of gloves
Will     +....     NoTele   +   (boots unavailable)
Stlth    ..........             k - amulet of the acrobat
HPRegen  0.24/turn              y - +6 ring of dexterity
MPRegen  0.00/turn              J - +4 ring of evasion

@: acrobatic, flying, very slightly contaminated, invisible (expiring)
A: sickness immunity, fire resistance 2, cold vulnerability 1, float, innate
caster, hp casting, extra vitality 1, dopey 1, weak 1, noise suppression
a: Renounce Religion, Evoke Invisibility, Recall Undead Slaves, Injury Mirror,
Animate Dead


You were in a Gauntlet.
You worshipped Yredelemnul.
Yredelemnul was most pleased with you.
You visited 2 branches of the dungeon, and saw 12 of its levels.
You also visited: Bailey and Gauntlet.

You collected 505 gold pieces.
You spent 416 gold pieces at shops.

Inventory:

Missiles
 B - 8 throwing nets
Armour
 h - a +0 kite shield
 l - a +0 cloak
 v - a +2 buckler (worn)
 w - a +0 pair of gloves (worn)
 C - the +9 ice dragon scales "Avvit" (worn) {rF- rC++ Str+7}
   (You took it off a gnoll shaman in a bailey)

   Str:       It affects your strength (+7).
   rF:        It makes you vulnerable to fire.
   rC:        It greatly protects you from cold.
 E - a +2 ring mail of willpower
 G - a +1 helmet of see invisible (worn)
 I - a scarf of invisibility (worn)
 L - the +1 cloak of the Tormentor {rN+++ Dex-5 Slay-6 Stlth+}
   (You found it in a Gauntlet)

   Dex:       It affects your dexterity (-5).
   Slay:      It affects your accuracy & damage with ranged weapons and melee
   (-6).
   rN:        It renders you almost immune to negative energy.
   Stlth:     It makes you more stealthy.
Magical Staves
 i - a staff of cold
 A - a staff of conjuration (weapon)
Jewellery
 d - a +4 ring of protection
 k - an amulet of the acrobat (around neck)
 s - the ring of Xom's Entertainment {Fly rN+ Dex+2}
   (You found it on level 6 of the Dungeon)

   [ring of flight]

   Dex:       It affects your dexterity (+2).
   rN:        It protects you from negative energy.
   Fly:       It grants you flight.
 y - a +6 ring of dexterity (left hand)
 H - a ring of protection from cold
 J - a +4 ring of evasion (right hand)
Wands
 a - a wand of polymorph (8)
 e - a wand of mindburst (16)
 t - a wand of digging (7)
Scrolls
 b - 3 scrolls of immolation
 j - a scroll of teleportation
 m - 3 scrolls of fear
 n - a scroll of magic mapping
 q - a scroll of vulnerability
 r - a scroll of fog
 z - a scroll of enchant weapon
 F - 2 scrolls of torment {unknown}
 N - a scroll of brand weapon
Potions
 c - 3 potions of attraction
 f - a potion of cancellation
 g - 3 potions of berserk rage
 o - 2 potions of heal wounds
 p - a potion of haste
 u - 2 potions of mutation
 x - 2 potions of might
 D - a potion of curing
Miscellaneous
 M - a condenser vane


   Skills:
 + Level 6.6 Fighting
 - Level 6.0 Armour
 + Level 7.6 Dodging
 - Level 1.5 Stealth
 + Level 6.4 Shields
 + Level 11.0 Spellcasting
 + Level 6.5 Evocations


You had 5 spell levels left.
You knew the following spells:

 Your Spells              Type           Power      Damage    Failure   Level
a - Searing Ray           Conj           100%       3d7       1%          2
b - Magic Dart            Conj           100%       1d8       1%          1
c - Dazzling Flash        Conj/Hex       100%       N/A       1%          3
d - Fulminant Prism       Conj/Hex       37%        3d18      4%          4
e - Iskenderun's Mystic   Conj/Tloc      74%        2d15      4%          4
f - Tukima's Dance        Hex            57%        N/A       1%          3
g - Blink                 Tloc           N/A        N/A       1%          2
h - Animate Dead          Necr           28%        N/A       4%          4
i - Cause Fear            Hex            28%        N/A       4%          4
z - Foxfire               Conj/Fire      100%       2x1d9     1%          1
Your spell library was empty.

Dungeon Overview and Level Annotations

Branches:
Dungeon (11/15)            Temple (1/1) D:5            Lair (0/6) D:10
    Orc (0/2) D:10         Bailey (visited)         Gauntlet (1/1)

Altars:
Ashenzari
Cheibriados
Dithmenos
Elyvilon
Fedhas
Gozag
Hepliaklqana
Kikubaaqudgha
Makhleb
Nemelex Xobeh
Okawaru
Qazlal
Ru
Sif Muna
Trog
Uskayaw
Vehumet
Wu Jian
Xom
Yredelemnul
Zin
The Shining One

Shops:
D:5 =!(   D:8 *   D:9 *

Annotations:
Gauntlet 7 transporters


Innate Abilities, Weirdness & Mutations

You are immune to sickness and miasma.
You are immune to poison.
Your flesh is very heat resistant. (rF++)
You are vulnerable to cold. (rC-)
You float through the air rather than walking.
You learn spells naturally, not from books.
Your magical power is your life essence.
You have superior vitality. (+4 HP)
You are dopey. (Int -2)
You are weak. (Str -2)
You passively dampen the noise of your surroundings.


Message History

The death yak simulacrum is severely damaged.
The death yak simulacrum is knocked back by the mystic blast.
The death yak simulacrum collides with the death yak!
The mystic blast hits the death yak simulacrum!
The death yak simulacrum is almost destroyed.
The death yak simulacrum is knocked back by the mystic blast.
The death yak simulacrum slams into the translucent stone wall!
The death yak simulacrum completely misses you.
Casting: Iskenderun's Mystic Blast (dangerous; 4% risk of failure)
Confirm with . or Enter, or press ? or * to list all spells.
You feel a surge of power!
You erupt in a blast of force!
The mystic blast hits the death yak simulacrum!
The death yak simulacrum vaporises!
The mystic blast hits the death yak simulacrum!!
The death yak simulacrum vaporises!
Casting: Iskenderun's Mystic Blast (dangerous; 4% risk of failure)
Confirm with . or Enter, or press ? or * to list all spells.
Aiming: Searing Ray (safe; 1% risk of failure)
Press: ? - help, Shift-Dir - straight line, f - death yak
Aim: a death yak (severely wounded, soul bound, 94% to hit)
Okay, then.
Aiming: Fulminant Prism (dangerous; 4% risk of failure)
Press: ? - help, Q - select action, (/) - cycle Dir - move target You feel a surge of power!
You conjure a prism of explosive energy!
A fulminant prism comes into view.
The death yak's soul is no longer bound.
Your fulminant prism crackles loudly.
You flicker for a moment.
Your fulminant prism explodes!
The blast of energy engulfs the death yak simulacrum!!
The death yak simulacrum vaporises!
The blast of energy engulfs the death yak simulacrum!
The death yak simulacrum is heavily damaged.
The blast of energy engulfs the death yak!!
You kill the death yak!
Yredelemnul accepts your kill. The blast of energy engulfs you!!
You die...
Your body rises from the dead as a mindless zombie.

### ######### ### ###
##≈###.......###≈###≈##
#≈≈≈#..∩.8.∩..#≈≈≈#≈≈≈#
....................≈##
#########.#########.##
#..=©?=.#.#..#©#[=#.≈##
#.#.#.#X#.#..#†#.)#.≈≈#
#^.....x#.#..○†'###.≈##
#.#.©.#X###.Z#†°@.#.##
#x.....x#.#..#.##.#.≈##
#xx.8.8x#.#..#.##.#.≈≈#
#XXX...X#.#..#©...#.≈##
#########.#########.##
...#©.........©#....≈##
.8.#.8.8.8.8.8.#.8..≈≈#
...#©.........©#....≈##
###################.##


You could see a death yak simulacrum (wandering).

Vanquished Creatures
  Gastronok (D:8)
  A death scarab (Gauntlet)
  A two-headed ogre (D:8)
  5 death yaks (Gauntlet)
  A necromancer (Gauntlet)
  An unseen horror (D:10)
  A kobold demonologist (D:11)
  Grinder (D:5)
  A raiju (Gauntlet)
  3 slime creatures (D:11)
  A spectral black mamba (Gauntlet)
  6 humans (D:10)
  A wraith (D:9)
  A wyvern (D:9)
  14 yaks
  Eustachio (D:5)
  3 steam dragons
  2 vampire mosquitoes (D:11)
  An acid dragon (D:11)
  A water moccasin (D:8)
  4 black bears
  2 orc warriors
  A hornet zombie (D:6)
  A sky beast (D:8)
  2 kobold brigands
  10 gnoll sergeants
  3 bullfrogs (D:8)
  2 scorpions (D:5)
  16 wights
  3 howler monkeys
  4 centaur zombies
  6 hounds
  2 jellies (D:4)
  6 orc priests
  Crazy Yiuf (D:2)
  2 iguanas
  Jessica (D:2)
  2 bullfrog skeletons
  7 gnoll shamans
  15 orc wizards
  29 gnolls
  2 howler monkey skeletons
  8 adders
  4 white imps
  An ufetubus (D:6)
  2 worms
  3 dart slugs
  36 orcs
  4 bats
  9 endoplasms
  4 giant cockroaches
  12 goblins
  7 hobgoblins
  2 jackals (D:2)
  11 kobolds
  2 quokkas
  7 ball pythons
  3 frilled lizards
  3 rats
  A fulminant prism (D:8)
287 creatures vanquished.

Vanquished Creatures (collateral kills)
  An ugly thing (D:10)
  2 yaks (D:10)
  2 orc warriors (D:10)
  A black bear (D:10)
  A bullfrog (D:10)
7 creatures vanquished.

Vanquished Creatures (others)
  A flying skull (D:10)
  2 kobolds (D:8)
  4 demonic plants (Gauntlet)
  16 foxfires
  30 fulminant prisms
  8 fungi (D:10)
  20 plants
81 creatures vanquished.

Grand Total: 375 creatures vanquished

Notes
Turn   | Place    | Note
-------+----------+-------------------------------------------
     0 | D:1      | miscthings the Djinni Conjurer began the quest for the Orb.
     0 | D:1      | Reached XP level 1. HP: 15/15 MP: 0/0
   247 | D:1      | Reached XP level 2. HP: 14/21 MP: 0/0
  1013 | D:1      | Reached XP level 3. HP: 21/25 MP: 0/0
  1013 | D:1      | Learned a level 1 spell: Foxfire
  1574 | D:2      | Reached skill level 4 in Spellcasting
  1931 | D:2      | Reached XP level 4. HP: 24/31 MP: 0/0
  2262 | D:2      | Noticed Jessica
  2274 | D:2      | Killed Jessica
  2282 | D:2      | Reached XP level 5. HP: 28/35 MP: 0/0
  2282 | D:2      | Learned a level 2 spell: Blink
  2521 | D:2      | Found a runed translucent door.
  2522 | D:2      | Noticed Crazy Yiuf
  2540 | D:2      | Killed Crazy Yiuf
  2795 | D:3      | Reached skill level 5 in Spellcasting
  2795 | D:3      | Found a sacrificial altar of Ru.
  3055 | D:3      | Found a broken altar of Ashenzari.
  3056 | D:3      | Found a burning altar of Makhleb.
  3056 | D:3      | Found a glowing silver altar of Zin.
  3159 | D:3      | Reached XP level 6. HP: 33/39 MP: 0/0
  3251 | D:3      | Found an ornate altar of the Wu Jian Council.
  3954 | D:4      | Reached skill level 6 in Spellcasting
  4071 | D:4      | Reached XP level 7. HP: 40/45 MP: 0/0
  4071 | D:4      | Learned a level 3 spell: Tukima's Dance
  4297 | D:5      | Entered Level 5 of the Dungeon
  4362 | D:5      | Found a staircase to the Ecumenical Temple.
  4535 | D:5      | Found a faded altar of an unknown god.
  4542 | Temple   | Entered the Ecumenical Temple
  4681 | D:5      | Found Gotiag's Distillery.
  4682 | D:5      | Found Huur Peuc's Antique Weapon Boutique.
  4682 | D:5      | Found Iticasia's Jewellery Boutique.
  4702 | D:5      | Bought 2 potions of degeneration for 26 gold pieces
  4714 | D:5      | Reached skill level 7 in Spellcasting
  4717 | D:5      | Reached XP level 8. HP: 36/50 MP: 0/0
  4731 | D:5      | Noticed Grinder
  4734 | D:5      | Noticed Eustachio
  4735 | D:5      | Killed Grinder
  4738 | D:5      | Killed Eustachio
  4739 | D:5      | Reached skill level 8 in Spellcasting
  5000 | D:5      | Bought a potion of heal wounds for 65 gold pieces
  5274 | D:5      | Found a hazy altar of Hepliaklqana.
  5705 | Temple   | Became a worshipper of Yredelemnul the Dark
  5825 | D:6      | Reached XP level 9. HP: 38/55 MP: 0/0
  5825 | D:6      | Learned a level 4 spell: Animate Dead
  5831 | D:6      | Reached skill level 9 in Spellcasting
  5919 | D:6      | Identified the ring of Xom's Entertainment {Fly rN+ Dex+2}
  6299 | D:6      | Found a glowing golden altar of the Shining One.
  6724 | D:7      | Found a hide-covered altar of Uskayaw.
  6995 | D:8      | Reached skill level 1 in Fighting
  6998 | D:8      | Noticed a two-headed ogre
  7002 | D:8      | Killed a two-headed ogre
  7003 | D:8      | Reached skill level 10 in Spellcasting
  7003 | D:8      | Reached XP level 10. HP: 39/64 MP: 0/0
  7023 | D:8      | Reached * piety under Yredelemnul
  7113 | D:8      | Found a flagged portal.
  7191 | Bailey   | Entered a bailey
  7341 | Bailey   | Identified the +9 ice dragon scales "Avvit" {rF- rC++
                  | Str+7}
  7658 | Bailey   | Reached ** piety under Yredelemnul
  7887 | D:8      | Found an iron altar of Okawaru.
  8028 | D:8      | Gained mutation: You are weak. (Str -2) [potion of
                  | mutation]
  8028 | D:8      | Gained mutation: You passively dampen the noise of your
                  | surroundings. [potion of mutation]
  8057 | D:8      | Found Zaahyesolo's Demolitions Depot.
  8319 | D:8      | Noticed Gastronok
  8331 | D:8      | Killed Gastronok
  8332 | D:8      | Reached skill level 5 in Dodging
  8332 | D:8      | Reached XP level 11. HP: 35/73 MP: 0/0
  8332 | D:8      | Learned a level 4 spell: Cause Fear
  8856 | D:9      | Identified the +6 quarterstaff "Julinge" {spect, Str+4}
  8881 | D:9      | Found Olaom's Neck Hole.
  8988 | D:8      | Bought a staff of conjuration for 325 gold pieces
  9042 | D:9      | Found an opulent altar of Gozag.
  9377 | D:10     | Entered Level 10 of the Dungeon
  9386 | D:10     | Reached *** piety under Yredelemnul
  9387 | D:10     | Reached skill level 5 in Armour
  9387 | D:10     | Reached skill level 5 in Evocations
  9391 | D:10     | Reached skill level 5 in Shields
  9402 | D:10     | Reached skill level 5 in Fighting
  9735 | D:10     | Received a gift from Yredelemnul (5 flying skulls)
  9778 | D:10     | Noticed a green ugly thing
  9789 | D:10     | Killed a green ugly thing
  9790 | D:10     | Reached XP level 12. HP: 81/81 MP: 0/0
  9811 | D:10     | Found a staircase to the Lair.
  9839 | D:10     | Found a staircase to the Orcish Mines.
 10408 | D:11     | Gained mutation: You are dopey. (Int -2) [a neqoxec]
 10441 | D:11     | Found a gate leading to a gauntlet.
 10450 | Gauntlet | Entered a Gauntlet
 10450 | Gauntlet | Found a transporter.
 10450 | Gauntlet | Found a transporter.
 10461 | Gauntlet | Found a transporter.
 10465 | Gauntlet | Found a transporter.
 10474 | Gauntlet | Noticed a death scarab
 10475 | Gauntlet | Found a transporter.
 10477 | Gauntlet | Found a transporter.
 10480 | Gauntlet | Noticed a death yak
 10480 | Gauntlet | Noticed a death yak
 10481 | Gauntlet | Noticed a death yak
 10483 | Gauntlet | Found a runed translucent gate.
 10484 | Gauntlet | Noticed a death yak
 10485 | Gauntlet | Found a transporter.
 10486 | Gauntlet | Found a runed translucent gate.
 10486 | Gauntlet | Found a runed translucent gate.
 10488 | Gauntlet | Noticed a death yak
 10505 | Gauntlet | Found a transporter.
 10508 | Gauntlet | Noticed a large abomination
 10523 | Gauntlet | Found a transporter.
 10527 | Gauntlet | Found a transporter.
 10539 | Gauntlet | Found a transporter.
 10539 | Gauntlet | Found a transporter.
 10606 | Gauntlet | Identified the +1 cloak of the Tormentor {rN+++ Dex-5
                  | Slay-6 Stlth+}
 10665 | Gauntlet | Killed a death scarab
 10777 | Gauntlet | Killed a death yak
 10777 | Gauntlet | Killed a death yak
 10779 | Gauntlet | Killed a death yak
 10779 | Gauntlet | Killed a death yak
 10780 | Gauntlet | Reached skill level 11 in Spellcasting
 10785 | Gauntlet | Killed a death yak
 10785 | Gauntlet | Killed by an exploding fulminant prism

Illustrated notes

Levels and vault maps discovered:
D:1:      erik_arrival_triangle_small, layout_loops_ring,
          serial_co_window_serial, co_window_of_opportunity_a,
          co_window_corner_a, co_window_of_opportunity_a, co_window_paths_a,
          co_window_corner_a, co_window_corner_a, co_window_paths_b,
          co_window_2corner, co_window_broadway_c, co_window_of_opportunity_b,
          co_window_unsneaky_path_b, glass_columns_b, glass_columns_a,
          glass_columns_b, minmay_misc_feat_five
D:2:      wad_river_or_something, layout_basic, amcnicky_mini_corridor_feature,
          uniq_jessica, uniq_crazy_yiuf_cottage
D:3:      layout_basic, mainiacjoe_overflow_cross_hatched,
          general_overflow_altar, gammafunk_temple_overflow_claw
D:4:      layout_rooms, kennysheep_generic_room_2
D:5:      layout_basic, nzn_hepliaklqana_mist_gate,
          nicolae_temple_entry_ecumenical, nicolae_wooded_promenade,
          uniq_grinder, uniq_eustachio
D:6:      layout_loops_ring, lemuel_tele_altar,
          nicolae_kikubaaqudgha_miasma_corner, st_stairs_3
D:7:      layout_gridville, mainiacjoe_overflow_alcove_1
D:8:      layout_gridville, lemuel_coloured_pillars_altar, led_sif_book,
          enter_bailey_7, nicolae_blasting_shop, minmay_circle_x, uniq_gastronok
D:9:      layout_cave_pools, lemuel_doored_altar,
          nicolae_shop_sticking_my_neck_out
D:10:     layout_loops_ring, grunt_lair_entry_orc_guard_hut, minmay_ruffians
D:11:     layout_gridville, gauntlet_entry_generic,
          chequers_guarded_unrand_ignorance
Temple:   jpeg_temple_alley_garden
Gauntlet: minmay_gauntlet_77_indecision [minmay_gauntlet_arena_77_mirror,
          minmay_gauntlet_arena_77_block_sizes,
          minmay_gauntlet_arena_77_chump_sandwich,
          minmay_gauntlet_arena_77_p_blocks,
          minmay_gauntlet_arena_77_run_for_it, minmay_gauntlet_arena_77_museum,
          gauntlet_exit_watery]

Skill      XL: |  1  2  3  4  5  6  7  8  9 10 11 12 |
---------------+-------------------------------------+-----
Spellcasting   | 4 5 6 7 8 10 11 | 11.0
Fighting       | 2 4 5 6 |  6.6
Armour         | 2 4 5 6 |  6.0
Dodging        | 3 5 6 7 |  7.6
Shields        | 2 4 5 6 |  6.4
Evocations     | 2 4 5 6 |  6.5
Stealth        | |  1.5

Action                   |  1- 3 |  4- 6 |  7- 9 | 10-12 || total
-------------------------+-------+-------+-------+-------++-------
Melee: Dagger            |       |     2 |       |       ||     2
       Quarterstaff      |       |     2 |       |       ||     2
       Staff             |       |       |       |    13 ||    13
 Cast: Magic Dart        |    10 |       |       |       ||    10
       Searing Ray       |    23 |    41 |    34 |    66 ||   164
       Foxfire           |     2 |     8 |       |       ||    10
       Fulminant Prism   |       |     1 |     9 |    21 ||    31
       Iskenderun's Myst |       |       |     6 |    47 ||    53
 Abil: Evoke Invisibilit |       |     1 |       |     1 ||     2
  Use: Scroll            |       |     7 |     3 |     6 ||    16
       Potion            |       |       |       |     2 ||     2
Armor: Robe              |     1 |     3 |     3 |     3 ||    10
       Ice dragon scales |       |       |       |    21 ||    21
Dodge: Dodged            |       |     8 |    19 |    71 ||    98
Block: Buckler           |       |       |     2 |    34 ||    36
